 Seeded DCSS version 0.28-a0-1555-g9ae15a6949 (webtiles) character file.

Game seed: 79 (custom seed)

1140 knot the Chopper (level 8, -4/58 HPs)
             Began as a Demonspawn Berserker on Jan 19, 2022.
             Was a Follower of Trog.
             Slain by sirJeffrey23's ghost (8 damage)
             ... on level 5 of the Dungeon.
             The game lasted 00:07:16 (7912 turns).

knot the Chopper (Demonspawn Berserker)             Turns: 7912, Time: 00:07:16

Health: -4/58      AC:  5    Str: 15    XL:     8   Next: 14%
Magic:  0/8        EV: 12    Int: 11    God:    Trog [*.....]
Gold:   181        SH:  0    Dex: 13    Spells: 7/7 levels left

rFire   + . .      SeeInvis .   a - +0 hand axe
rCold   + . .      Faith    .   (no shield)
rNeg    . . .      Spirit   +   b - +0 animal skin
rPois   +          Reflect  .   n - +1 helmet
rElec   +          Harm     .   (no cloak)
rCorr   +          Rampage  .   (no gloves)
Will    .....                   f - +0 pair of boots
Stlth   +.........              (no amulet)
HPRegen 0.19/turn               (no ring)
MPRegen 0.22/turn               (no ring)

@: resistant, on berserk cooldown
A: claws 1, magic shield, magic regeneration, weak 1, MP-powered wands
a: Renounce Religion, Berserk


You were on level 5 of the Dungeon.
You worshipped Trog.
Trog was aware of your devotion.
You visited 1 branch of the dungeon, and saw 5 of its levels.

You collected 181 gold pieces.

Inventory:

Hand Weapons
 a - a +0 hand axe (weapon)
Missiles
 c - 12 poisoned darts
 d - 43 sling bullets
 h - 158 stones (quivered)
Armour
 b - a +0 animal skin (worn)
 f - a +0 pair of boots (worn)
 n - a +1 helmet (worn)
Jewellery
 q - a ring of willpower
Scrolls
 e - 2 scrolls of teleportation
 g - 2 scrolls of identify
 i - a scroll of enchant armour
 j - 2 scrolls of immolation
 s - a scroll of brand weapon
 w - a scroll of noise {unknown}
Potions
 o - a potion of invisibility {unknown}
 p - a potion of degeneration {unknown}
 r - a potion of brilliance {unknown}


   Skills:
 - Level 3.0 Fighting
 * Level 6.8 Axes
 * Level 6.1 Throwing
 - Level 1.7 Armour
 - Level 1.7 Dodging


You had 7 spell levels left.
You didn't know any spells.
Your spell library contained the following spells:

 Spells                   Type           Power      Damage    Failure   Level
 Frozen Ramparts          Ice            0%         1d2       71%         3
 Gell's Gravitas          Tloc           0%         N/A       71%         3
 Lesser Beckoning         Tloc           0%         N/A       71%         3
 Teleport Other           Tloc           0%         N/A       71%         3
 Ice Form                 Ice/Tmut       0%         N/A       98%         4
 Summon Ice Beast         Ice/Summ       0%         N/A       98%         4


Dungeon Overview and Level Annotations

Branches:
Dungeon (5/15)             Temple (0/1) D:5

Altars:

Annotations:
D:2 1 runed translucent door, Crazy Yiuf
D:5 sirJeffrey23's ghost, novice HuGl


Innate Abilities, Weirdness & Mutations

You have sharp fingernails.
When hurt, damage is shared between your health and your magic reserves.
You regenerate magic rapidly.
You are weak. (Str -2)
You expend magic power (3 MP) to strengthen your wands.


Message History

You hit sirJeffrey23's ghost.
SirJeffrey23's ghost is severely damaged.
SirJeffrey23's ghost barely misses you.
You miss sirJeffrey23's ghost.
SirJeffrey23's ghost is severely damaged.
You are no longer berserk.
You are exhausted.
You feel yourself slow down.
You hit sirJeffrey23's ghost but do no damage.
SirJeffrey23's ghost is severely damaged.
SirJeffrey23's ghost barely misses you.
You hit sirJeffrey23's ghost but do no damage.
SirJeffrey23's ghost is severely damaged.
SirJeffrey23's ghost hits you.
* * * LOW HITPOINT WARNING * * *
SirJeffrey23's ghost wails.
There is a stone staircase leading up here.
SirJeffrey23's ghost lets out a mournful wail.
Your extra speed is starting to run out.
You feel yourself slow down. SirJeffrey23's ghost hits you.
* * * LOW HITPOINT WARNING * * *
SirJeffrey23's ghost hits you but does no damage.
SirJeffrey23's ghost wails, "You will join me soon!"
SirJeffrey23's ghost hits you!
* * * LOW HITPOINT WARNING * * *
It was a potion of resistance.
You feel protected. SirJeffrey23's ghost misses you.
It was a potion of mutation.
You feel extremely strange.
You feel weaker.
You feel your magical essence link to the dungeon's wands.
SirJeffrey23's ghost closely misses you. x2
It was a potion of curing.
You feel better. SirJeffrey23's ghost hits you.
* * * LOW HITPOINT WARNING * * *
SirJeffrey23's ghost hits you!
* * * LOW HITPOINT WARNING * * *
You feel yourself speed up. SirJeffrey23's ghost hits you!
You die...

#..###..##.###.###.P.P.#
.....#...#.#.#.###.....####
#.................†.##....#
#........................#
###.......<................#
..........................##
..##......................#
...##........>.W.....#...##
.......##......#@.#..##..#
................<.#...#.##
................###.....##
.†........#.....###......#
..#######.#..#(..####...##
..#(..8.##...##.....#...##
..#...(.#...###(.........#
..'.(...###.#...........##
..'....(#......#..##.....#


You could see sirJeffrey23's ghost.

Vanquished Creatures
  Sigmund (D:2)
  Menkaure (D:5)
  2 water moccasins
  A black bear (D:5)
  An ogre (D:5)
  A scorpion (D:4)
  A water moccasin skeleton (D:5)
  A howler monkey (D:5)
  2 hounds
  2 jellies
  Terence (D:3)
  3 iguanas (D:5)
  5 adders
  An ufetubus (D:4)
  An adder skeleton (D:5)
  2 worms (D:2)
  2 dart slugs
  7 endoplasms
  3 giant cockroaches
  6 goblins
  8 hobgoblins
  4 jackals (D:3)
  7 kobolds
  7 ball pythons
  2 bats (D:1)
  A frilled lizard (D:1)
  5 rats
78 creatures vanquished.

Vanquished Creatures (others)
  3 fungi (D:2)
3 creatures vanquished.

Grand Total: 81 creatures vanquished

Notes
Turn   | Place    | Note
-------+----------+-------------------------------------------
     0 | D:1      | knot the Demonspawn Berserker began the quest for the Orb.
     0 | D:1      | Reached XP level 1. HP: 18/18 MP: 1/1
    10 | D:1      | Noticed an electric eel
   502 | D:1      | Reached skill level 1 in Throwing
   502 | D:1      | Gained mutation: You regenerate magic rapidly. [demonic
                  | ancestry]
   502 | D:1      | Reached XP level 2. HP: 20/24 MP: 2/2
  1717 | D:2      | Reached XP level 3. HP: 15/29 MP: 3/3
  3023 | D:2      | Noticed Sigmund
  3077 | D:2      | Killed Sigmund
  3078 | D:2      | Gained mutation: When hurt, damage is shared between your
                  | health and your magic reserves. [demonic ancestry]
  3078 | D:2      | Reached XP level 4. HP: 35/35 MP: 4/4
  3078 | D:2      | Reached XP level 5. HP: 41/41 MP: 5/5
  3710 | D:2      | Found a runed translucent door.
  3711 | D:2      | Noticed Crazy Yiuf
  4288 | D:3      | Reached ** piety under Trog
  4444 | D:3      | Gained mutation: You have sharp fingernails. [demonic
                  | ancestry]
  4444 | D:3      | Reached XP level 6. HP: 36/47 MP: 2/6
  4625 | D:3      | Noticed Terence
  4633 | D:3      | Killed Terence
  5041 | D:4      | Noticed a water moccasin
  5054 | D:4      | Killed a water moccasin
  5055 | D:4      | Reached skill level 5 in Axes
  5821 | D:4      | Reached XP level 7. HP: 50/52 MP: 5/7
  6468 | D:5      | Entered Level 5 of the Dungeon
  6490 | D:5      | HP: 1/52 [poisoned by a water moccasin]
  6847 | D:5      | Reached skill level 5 in Throwing
  7034 | D:5      | Noticed Menkaure
  7040 | D:5      | Killed Menkaure
  7305 | D:5      | Found a staircase to the Ecumenical Temple.
  7336 | D:5      | Reached XP level 8. HP: 58/58 MP: 5/8
  7424 | D:5      | Found a runed translucent gate.
  7424 | D:5      | Found a runed translucent gate.
  7424 | D:5      | Found a runed translucent gate.
  7558 | D:5      | Noticed sirJeffrey23's ghost (novice HuGl)
  7908 | D:5      | Gained mutation: You are weak. (Str -2) [potion of
                  | mutation]
  7908 | D:5      | Gained mutation: You expend magic power (3 MP) to
                  | strengthen your wands. [potion of mutation]
  7912 | D:5      | Slain by sirJeffrey23's ghost

Illustrated notes

Levels and vault maps discovered:
D:1:      arrival_aquarium_a, layout_loops_ring
D:2:      layout_basic, kennysheep_generic_room_8, uniq_crazy_yiuf_cottage,
          uniq_sigmund
D:3:      layout_loops_corners, uniq_terence
D:4:      layout_layer_cave
D:5:      layout_cave_pools, nicolae_sif_muna_little_library,
          minmay_temple_entry_trees, ebering_ghost_rock_garden,
          small_statue_alley_b, uniq_menkaure

Skill      XL: |  1  2  3  4  5  6  7 |
---------------+----------------------+-----
Axes           | 3 4 5 6 |  6.8
Throwing       | 1 3 4 6 |  6.1
Fighting       | |  3.0
Armour         | |  1.7
Dodging        | |  1.7

Action                   |  1- 3 |  4- 6 |  7- 9 || total
-------------------------+-------+-------+-------++-------
Melee: Hand axe          |    89 |   111 |   141 ||   341
       Punch             |     1 |     3 |     2 ||     6
Throw: Dart              |    33 |     6 |    14 ||    53
       Stone             |       |       |     7 ||     7
Invok: Berserk           |     2 |     4 |     6 ||    12
       Trog's Hand       |       |     1 |     2 ||     3
  Use: Potion            |       |       |     6 ||     6
       Scroll            |       |       |     5 ||     5
 Stab: Sleeping          |     2 |     2 |       ||     4
Armor: Animal skin       |    16 |    25 |    32 ||    73
Dodge: Dodged            |    51 |    63 |    79 ||   193

Table legend: (Time is in decaauts)
 A = Elapsed time spent in this place.
 B = Non-inter-level travel time spent in this place.
 C = Inter-level travel time spent in this place.
 D = Time resting spent in this place.
 E = Time spent auto-exploring this place.
 F = Levels seen in this place.
 G = Mean time per level.
                   A        B        C        D        E       F      G
               +--------+--------+--------+--------+--------+-----+--------+
         Total |   8007 |   7795 |    212 |   3492 |   3504 |   5 | 1601.4 |
       Dungeon |   8007 |   7795 |    212 |   3492 |   3504 |   5 | 1601.4 |
               +--------+--------+--------+--------+--------+-----+--------+

Top non-repeatable levels by time:
     D:2: 2453 daAuts
     D:5: 1477 daAuts
     D:4: 1445 daAuts
     D:1: 1341 daAuts
     D:3: 1288 daAuts
